 Dungeon Sprint DCSS version 0.21-a0-349-g0c35859 (webtiles) character file.

43134 Kidiri the Warrior (level 13, -4/138 (139) HPs)
             Began as a Pale Draconian Berserker on Oct 5, 2017.
             Was the Champion of Trog.
             Killed from afar by a deep elf annihilator (50 damage)
             ... with an iron shot
             ... in the Dungeon (Sprint III: "The Ten Rune Challenge") on Oct 7, 2017.
             The game lasted 00:28:26 (5619 turns).

Kidiri the Warrior (Pale Draconian Berserker)       Turns: 5619, Time: 00:28:27

HP:   -4/138 (139)  AC: 11    Str: 25    XL:     13   Next: 18%
MP:   21/21         EV: 21    Int: 12    God:    Trog [******]
Gold: 8885          SH:  0    Dex: 11    Spells: 12/12 levels left

rFire    . . .     SeeInvis .   b - +7 great mace of the Sun {drain, Int+3 Stlth+}
rCold    . . .     Gourm    .   (shield currently unavailable)
rNeg     . . .     Faith    .   (armour unavailable)
rPois    .         Spirit   .   a - +0 hat {MR+}
rElec    .         Reflect  .   (no cloak)
rCorr    .         Harm     .   n - +0 pair of gloves
MR       +....     Clarity  +   y - +1 pair of boots {Fly} Stlth ++........NoTele +
                                (no amulet)
HPRegen  0.33/turn              (no ring)
MPRegen  0.17/turn              (no ring)

@: berserk cooldown, flying, slowed, very slow
A: breathe steam, unfitting armour, horns 1, clarity, strong 1, cold-blooded, AC
+8
}: 1/10 runes: serpentine
a: Breathe Steam, Berserk, Trog's Hand, Brothers in Arms, Burn Spellbooks,
Renounce Religion, Stop Flying


You were in the Dungeon.
You worshipped Trog.
Trog was exalted by your worship.
You were hungry.

You visited 1 branch You collected 9220 gold pieces.
You spent 335 gold pieces at shops.

Inventory:

Hand Weapons
 b - the +7 great mace of the Sun (weapon) {drain, Int+3 Stlth+}
   (Trog gifted it to you in the Dungeon)

   A truly terrible weapon, it drains the life of those it strikes.
   It affects your intelligence (+3).
   It makes you more stealthy.
Missiles
 k - 6 tomahawks of returning
 s - 9 throwing nets
 u - 4 javelins (quivered)
 z - 3 tomahawks
Armour
 a - a +0 hat of magic resistance (worn)
 n - a +0 pair of gloves (worn)
 y - a +1 pair of boots of flying (worn)
Wands
 r - a wand of lightning (1/15)
Scrolls
 d - a scroll of fog
 l - a scroll of magic mapping
 m - 3 scrolls of remove curse
 p - a scroll of torment
Potions
 c - a potion of curing
 e - 2 potions of haste
 f - 2 potions of magic
 g - a potion of berserk rage
 i - a potion of might
 j - 3 potions of brilliance
 o - 2 potions of flight
 q - 2 potions of mutation
 t - 2 potions of heal wounds
 v - 2 potions of resistance {unknown}
Comestibles
 h - 24 royal jellies


   Skills:
 * Level 20.3 Fighting
 * Level 18.9 Maces & Flails
 * Level 17.5 Dodging
 + Level 10.7 Evocations


You had 12 spell levels left.
You didn't know any spells.

Dungeon Overview and Level Annotations

Branches:
Dungeon (1/1)

Altars:
Cheibriados
Dithmenos
Elyvilon
Fedhas
Gozag
Hepliaklqana
Kikubaaqudgha
Makhleb
Nemelex Xobeh
Okawaru
Qazlal
Ru
Sif Muna
Trog
Uskayaw
Vehumet
Wu Jian
Xom
Yredelemnul
Zin
The Shining One
Beogh
Jiyva
Lugonu

Shops:
D :%[*

Annotations:
D exclusion: 4 doors


Innate Abilities, Weirdness & Mutations

You can breathe blasts of scalding, opaque steam.
Your pale cyan-grey scales are hard. (AC +8)
You cannot fit into any form of body armour.
You are cold-blooded and may be slowed by cold attacks.
You have a pair of small horns on your head.
You possess an exceptional clarity of mind.
Your muscles are strong. (Str +2)


Message History

The deep elf mage is healed.
Send 'em back where they came from!
Trog shields your ally from puny magic!
The deep elf annihilator completely misses your stone giant.
You flatten the deep elf mage like a pancake!!!
You kill the deep elf mage!
Trog accepts your kill.
Trog appreciates your killing of a magic user.
Something appears at your feet! Trog grants you a weapon!
Your stone giant closely misses the deep elf annihilator.
The deep elf high priest utters a dark prayer and points at you.
Your life force is offered up.
The deep elf annihilator is healed.
Your stone giant closely misses the deep elf annihilator.
The deep elf annihilator barely misses your stone giant.
Unknown command.
Your stone giant hits the deep elf annihilator but does no damage.
Your stone giant hits the deep elf annihilator!!
The deep elf annihilator gestures at you while chanting.
The iron shot hits you!
You die...

▓▓▓▓▓▓▓▓
.##.##.#################
∩..###..'.#...##e..Ce...
.......##.#...##≈≈≈≈##..#
).....###.#...≈≈@)[.(....
.)......#.#...##≈≈≈≈##..#
##..#.#.#.'..)##....'...
.....###################
##########################
..#.#.#.....#......+)..≈≈#
#..#.##.###.#......#...≈≈###
)#.#.##.#.[##......#...≈≈≈≈#
)#..#..##..+.).....#...≈≈≈≈#


You could see a deep elf annihilator, a deep elf high priest and a friendly
stone giant (berserk).

Vanquished Creatures
  Rupert (D)
  Gastronok (D)
  A nagaraja (D)
  2 dire elephants (D)
  A deep elf demonologist (D)
  A deep elf high priest (D)
  Erolcha (D)
  A naga warrior (D)
  2 hydras (D)
  An anaconda (D)
  4 death yaks (D)
  Urug (D)
  An orc high priest (D)
  A death drake (D)
  A swamp dragon (D)
  6 deep elf magi (D)
  2 elephants (D)
  An orc sorcerer (D)
  A guardian serpent (D)
  2 black mambas (D)
  2 spiny frogs (D)
  A komodo dragon (D)
  A rime drake (D)
  3 wandering mushrooms (D)
  A queen bee (D)
  A tyrant leech (D)
  8 blink frogs (D)
  4 redbacks (D)
  A shadow (D)
  2 nagas (D)
  8 water moccasins (D)
  2 swamp drakes (D)
  An orc warrior (D)
  A necrophage (D)
  3 two-headed ogres (D)
  A water elemental (D)
  19 killer bees (D)
  An electric eel (D)
  A jelly (D)
  4 orc priests (D)
  A wizard (D)
  Jessica (D)
  A necromancer (D)
  3 humans (D)
  A kobold demonologist (D)
  6 adders (D)
  2 oozes (D)
  A phantom (D)
  11 orcs (D)
  A rat (D)
  9 plants (D)
134 creatures vanquished.

Vanquished Creatures (collateral kills)
  A deep elf demonologist (D)
  An anaconda (D)
  A lindwurm (D)
  A deep elf mage (D)
  A black mamba (D)
  A two-headed ogre (D)
  A tyrant leech (D)
  A redback (D)
  13 killer bees (D)
21 creatures vanquished.

Vanquished Creatures (others)
  2 deep elf blademasters (D)
  2 draconian scorchers (D)
  Nessos (D)
  A mummy priest (D)
  A shadow wraith (D)
  A skeletal warrior (D)
  A golden dragon zombie (D)
  6 hellions (D)
  3 yaktaurs (D)
  2 hornets (D)
  2 spriggan defenders (D)
  A two-headed ogre (D)
  4 ball lightnings (D)
  8 ballistomycetes (D)
  4 ballistomycete spores (D)
  35 plants (D)
74 creatures vanquished.

Grand Total: 229 creatures vanquished

Notes
Turn   | Place    | Note
-------+----------+-------------------------------------------
     0 | D        | Kidiri the Draconian Berserker began the quest for the Orb.
     0 | D        | Reached XP level 1. HP: 19/19 MP: 1/1
    13 | D        | Reached skill level 4 in Fighting
    13 | D        | Reached XP level 2. HP: 24/27 MP: 2/2
    26 | D        | Noticed Jessica
    36 | D        | Killed Jessica
    36 | D        | Reached ** piety under Trog
    36 | D        | Reached skill level 5 in Fighting
    36 | D        | Reached XP level 3. HP: 36/36 MP: 3/3
    45 | D        | Killed a yaktaur
    74 | D        | Killed a hellion
    74 | D        | Killed a hellion
    75 | D        | Killed a hellion
    75 | D        | Killed a hellion
    85 | D        | Reached skill level 5 in Maces & Flails
   122 | D        | Killed a white draconian scorcher
   125 | D        | Killed a hellion
   126 | D        | Killed a hellion
   142 | D        | Reached *** piety under Trog
   143 | D        | Killed a white draconian scorcher
   164 | D        | Gained mutation: Your flesh is cold resistant. (rC+) [potion of mutation]
   164 | D        | Gained mutation: You possess an exceptional clarity of mind. [potion of mutation]
   165 | D        | Lost mutation: You possess an exceptional clarity of mind. [potion of mutation]
   165 | D        | Lost mutation: Your flesh is cold resistant. (rC+) [potion of mutation]
   165 | D        | Gained mutation: Your body sometimes deteriorates upon taking damage. [potion of mutation]
   165 | D        | Gained mutation: Your large and strong wings let you fly indefinitely. [potion of mutation]
   166 | D        | Lost mutation: Your large and strong wings let you fly indefinitely. [potion of mutation]
   166 | D        | Gained mutation: You are robust. (+10% HP) [potion of mutation]
   166 | D        | Gained mutation: Your mind is acute. (Int +2) [potion of mutation]
   166 | D        | Gained mutation: You have large cloven feet. [potion of mutation]
   167 | D        | Lost mutation: Your body sometimes deteriorates upon taking damage. [potion of mutation]
   167 | D        | Lost mutation: Your mind is acute. (Int +2) [potion of mutation]
   167 | D        | Lost mutation: You are robust. (+10% HP) [potion of mutation]
   167 | D        | Lost mutation: You have large cloven feet. [potion of mutation]
   167 | D        | Gained mutation: You have a pair of small horns on your head. [potion of mutation]
   167 | D        | Gained mutation: Your muscles are strong. (Str +2) [potion of mutation]
   167 | D        | Gained mutation: You evolve. [potion of mutation]
   180 | D        | Noticed a water elemental
   185 | D        | Killed a water elemental
   185 | D        | Reached skill level 6 in Fighting
   185 | D        | Reached skill level 5 in Dodging
   185 | D        | Reached XP level 4. HP: 33/45 MP: 4/4
   427 | D        | Found a radiant altar of Vehumet.
   428 | D        | Found a deep blue altar of Sif Muna.
   428 | D        | Found an ancient bone altar of Kikubaaqudgha.
   428 | D        | Noticed a wizard
   429 | D        | Reached **** piety under Trog
   430 | D        | Killed a wizard
   430 | D        | Reached skill level 7 in Fighting
   430 | D        | Reached XP level 5. HP: 49/52 MP: 5/5
   434 | D        | Noticed a rust devil
   439 | D        | Killed a yaktaur
   527 | D        | Found a glowing silver altar of Zin.
   528 | D        | Found a glowing golden altar of the Shining One.
   528 | D        | Found a white marble altar of Elyvilon.
   528 | D        | Noticed a deep elf mage
   536 | D        | Killed a deep elf mage
   536 | D        | Reached skill level 10 in Fighting
   536 | D        | Reached XP level 6. HP: 67/67 MP: 6/6
   536 | D        | Your scales start taking on a pale cyan-grey colour.
   536 | D        | Reached XP level 7. HP: 73/73 MP: 7/7
   589 | D        | Found an ornate altar of the Wu Jian Council.
   589 | D        | Found a roughly hewn altar of Beogh.
   589 | D        | Found an iron altar of Okawaru.
   589 | D        | Found a bloodstained altar of Trog.
   589 | D        | Found a hide-covered altar of Uskayaw.
   589 | D        | Noticed a human
   589 | D        | Noticed a human
   592 | D        | Killed a human
   592 | D        | Reached ***** piety under Trog
   592 | D        | Reached skill level 10 in Maces & Flails
   602 | D        | Killed a human
   602 | D        | Reached skill level 11 in Fighting
   723 | D        | Found a basalt altar of Yredelemnul.
   723 | D        | Found a shadowy altar of Dithmenos.
   723 | D        | Found a sacrificial altar of Ru.
   744 | D        | Noticed a shadow
   746 | D        | Killed a shadow
   746 | D        | Received a gift from Trog
   746 | D        | Reached XP level 8. HP: 83/83 MP: 8/8
   748 | D        | Reached skill level 10 in Dodging
   778 | D        | Found a blossoming altar of Fedhas.
   778 | D        | Found a stormy altar of Qazlal.
   778 | D        | Found a snail-covered altar of Cheibriados.
   778 | D        | Found a burning altar of Makhleb.
   778 | D        | Found a shimmering altar of Xom.
   779 | D        | Found a hazy altar of Hepliaklqana.
   779 | D        | Found an opulent altar of Gozag.
   779 | D        | Found a sparkling altar of Nemelex Xobeh.
   779 | D        | Found a corrupted altar of Lugonu.
   779 | D        | Found a viscous altar of Jiyva.
   803 | D        | Reached skill level 12 in Fighting
   936 | D        | Noticed a two-headed ogre
   943 | D        | Noticed a two-headed ogre
   943 | D        | Noticed Erolcha
   946 | D        | Killed Erolcha
   946 | D        | Reached XP level 9. HP: 92/92 MP: 9/9
   953 | D        | Killed a two-headed ogre
   953 | D        | Reached skill level 13 in Fighting
   957 | D        | Received a gift from Trog
  1422 | D        | Noticed a queen bee
  1431 | D        | Received a gift from Trog
  1437 | D        | Killed a queen bee
  1437 | D        | Reached skill level 14 in Fighting
  1437 | D        | Received a gift from Trog
  1446 | D        | HP: 3/95 [killer bee (10)]
  1457 | D        | Received a gift from Trog
  1460 | D        | Received a gift from Trog
  1781 | D        | Reached ****** piety under Trog
  1802 | D        | Reached XP level 10. HP: 97/104 MP: 10/10
  1964 | D        | Noticed a spiny frog
  1964 | D        | Noticed a spiny frog
  1967 | D        | Reached skill level 15 in Fighting
  1968 | D        | Killed a spiny frog
  1972 | D        | Killed a spiny frog
  1972 | D        | Received a gift from Trog
  2155 | D        | Killed a mummy priest
  2186 | D        | Received a gift from Trog
  2191 | D        | Gained mutation: You possess an exceptional clarity of mind. [evolution]
  2208 | D        | Noticed a lindwurm
  2210 | D        | Killed a lindwurm
  2331 | D        | Noticed Urug
  2335 | D        | Killed Urug
  2335 | D        | Reached skill level 16 in Fighting
  2335 | D        | Reached skill level 1 in Evocations
  2404 | D        | Received a gift from Trog
  2406 | D        | Reached skill level 15 in Maces & Flails
  2532 | D        | Reached XP level 11. HP: 86/115 MP: 11/13
  2818 | D        | Noticed Rupert
  2818 | D        | Paralysed by Rupert for 2 turns
  2830 | D        | Killed Rupert
  2830 | D        | Received a gift from Trog
  2830 | D        | Reached skill level 17 in Fighting
  2876 | D        | Noticed a death yak
  2877 | D        | Noticed a death yak
  2884 | D        | Noticed a death yak
  2885 | D        | Killed a deep elf blademaster
  2886 | D        | Noticed a death yak
  2888 | D        | Killed a death yak
  2888 | D        | Reached skill level 5 in Evocations
  2889 | D        | Killed a death yak
  2893 | D        | Killed a death yak
  2893 | D        | Reached skill level 15 in Dodging
  2899 | D        | Killed a death yak
  2906 | D        | Received a gift from Trog
  2908 | D        | Noticed an azure jelly
  2908 | D        | Noticed an azure jelly
  2953 | D        | Killed Nessos
  3108 | D        | Upgraded the game from 0.21-a0-346-g330ab2c to 0.21-a0-349-g0c35859
  3219 | D        | Reached skill level 18 in Fighting
  3220 | D        | Received a gift from Trog
  3222 | D        | Got a smoking great mace {god gift}
  3223 | D        | Identified the +7 great mace of the Sun {drain, Int+3 Stlth+} (Trog gifted it to you in the Dungeon)
  3245 | D        | Noticed an anaconda
  3245 | D        | Noticed an anaconda
  3250 | D        | Killed an anaconda
  3252 | D        | Reached XP level 12. HP: 127/127 MP: 17/17
  3258 | D        | Killed an anaconda
  3259 | D        | Received a gift from Trog
  3472 | D        | Noticed a naga warrior
  3472 | D        | Noticed a nagaraja
  3483 | D        | Killed a naga warrior
  3484 | D        | Found Nihoguh's Book Boutique.
  3484 | D        | Found Tang's Food Emporium.
  3487 | D        | Killed a nagaraja
  3495 | D        | Found Ciha's Antique Armour Shop.
  3499 | D        | Killed a deep elf blademaster
  3584 | D        | Received a gift from Trog
  3590 | D        | Got a serpentine rune of Zot
  3801 | D        | Noticed an azure jelly
  3801 | D        | Noticed an azure jelly
  3802 | D        | Noticed a dire elephant
  3802 | D        | Noticed a dire elephant
  3802 | D        | Noticed Gastronok
  3816 | D        | Killed a dire elephant
  3824 | D        | Killed a dire elephant
  3830 | D        | Reached skill level 19 in Fighting
  3834 | D        | Killed Gastronok
  4128 | D        | Found Moumasef's General Store.
  4128 | D        | Noticed an orc high priest
  4129 | D        | Received a gift from Trog
  4140 | D        | Killed an orc high priest
  4146 | D        | Received a gift from Trog
  4161 | D        | Got a steaming great sword {god gift}
  4162 | D        | Identified the +4 great sword of Precise Incision {flame, -Tele rPois Int+9} (Trog gifted it to you in the Dungeon)
  4322 | D        | Lost mutation: You evolve. [end of evolution]
  4336 | D        | Received a gift from Trog
  4348 | D        | Received a gift from Trog
  4361 | D        | Noticed a deep elf annihilator
  4362 | D        | Noticed a deep elf demonologist
  4394 | D        | Bought a potion of haste for 100 gold pieces
  4394 | D        | Bought a scroll of fog for 20 gold pieces
  4394 | D        | Bought a scroll of magic mapping for 35 gold pieces
  4530 | D        | Bought a pair of glowing boots for 180 gold pieces
  4650 | D        | Noticed a seven-headed hydra
  4650 | D        | Noticed a six-headed hydra
  4659 | D        | Killed a seven-headed hydra
  4659 | D        | Reached skill level 10 in Evocations
  4664 | D        | Killed a six-headed hydra
  4764 | D        | Reached XP level 13. HP: 136/139 MP: 20/20
  5160 | D        | Reached skill level 20 in Fighting
  5593 | D        | Noticed a deep elf demonologist
  5610 | D        | Noticed an Executioner
  5611 | D        | Killed a deep elf demonologist
  5613 | D        | Killed a deep elf demonologist
  5618 | D        | Received a gift from Trog
  5619 | D        | Killed from afar by a deep elf annihilator

Vault maps used:
D:        dungeon_sprint_mu

Skill      XL: |  1  2  3  4  5  6  7  8  9 10 11 12 13 |
---------------+----------------------------------------+-----
Dodging        | 3 4 5 6 8 9 11 12 14 15 17 | 17.5
Fighting       | 4 5 6 7 10 11 12 14 16 18 19 20 | 20.3
Maces & Flails | 4 6 9 10 12 13 15 16 18 | 18.9
Evocations     | 2 7 10 | 10.7

Action                   |  1- 3 |  4- 6 |  7- 9 | 10-12 | 13-15 || total
-------------------------+-------+-------+-------+-------+-------++-------
Melee: Mace              |    18 |    10 |    15 |       |       ||    43
       Tailslap          |     3 |     1 |     6 |    34 |     1 ||    45
       Headbutt          |     1 |     2 |    14 |    44 |     2 ||    63
       Executioner's axe |       |       |    46 |       |       ||    46
       Dire flail        |       |       |    16 |    61 |       ||    77
       Great mace        |       |       |       |   147 |    19 ||   166
Throw: Throwing net      |       |       |       |     1 |       ||     1
       Javelin           |       |       |       |       |     3 ||     3
Invok: Berserk           |     3 |     2 |     2 |     9 |     1 ||    17
       Burn Spellbooks   |       |     1 |       |       |       ||     1
       Trog's Hand       |       |     1 |     1 |     1 |       ||     3
       Brothers in Arms  |       |       |     1 |     3 |     1 ||     5
 Abil: Breathe Steam     |       |       |     2 |    16 |     1 ||    19
  Use: Potion            |     4 |       |     2 |       |       ||     6
       Scroll            |       |       |     5 |       |       ||     5
 Stab: Sleeping          |       |       |       |     3 |     1 ||     4
       Distracted        |       |       |       |     1 |       ||     1
       Held in net/web   |       |       |       |     1 |       ||     1
  Eat: Chunk             |       |     1 |     4 |    13 |       ||    18
       Royal jelly       |       |       |     2 |     2 |       ||     4
       Bread ration      |       |       |     1 |     1 |       ||     2
Armor: Skin              |       |     2 |    20 |    26 |     5 ||    53
Dodge: Dodged            |    13 |     1 |   158 |   120 |     7 ||   299

Table legend:
 A = Spawn XP
 B = Non-spawn XP
 C = Spawn XP percentage of total XP
 D = Spawn monster count
 E = Non-spawn monster count
 F = Spawn count percentage of total count
 G = Total turns spent on level
                    A         B        C        D         E        F      G
               +---------+---------+-------+---------+---------+-------+---------
         Total |       0 |   43049 |   0.0 |       0 |     146 |   0.0 |  5619
               +---------+---------+-------+---------+---------+-------+---------
             D |       0 |   43049 |   0.0 |       0 |     146 |   0.0 |  5619
               +---------+---------+-------+---------+---------+-------+---------
